 Dungeon Crawl Stone Soup version 0.23-a0-389-g4a5eb33 (webtiles) character file.

2678 Ijustatesigmund the Thaumaturge (level 9, -4/66 HPs)
             Began as a Gnoll Wizard on Oct 29, 2018.
             Slain by an orc warrior
             ... wielding a +0 dire flail
              (17 damage)
             ... on level 7 of the Dungeon.
             The game lasted 00:26:03 (9519 turns).

Ijustatesigmund the Thaumaturge (Gnoll Wizard)      Turns: 9519, Time: 00:26:03

Health: -4/66      AC: 20    Str: 14    XL:     9   Next: 64%
Magic:  30/30      EV: 12    Int: 21    God:
Gold:   91         SH:  5    Dex: 13    Spells: 18/24 levels left

rFire    . . .     SeeInvis +   s - +2 hand axe (freeze)
rCold    . . .     Gourm    .   k - +0 buckler
rNeg     . . .     Faith    .   E - +8 chain mail "Goledoib" {Regen+ SInv}
rPois    .         Spirit   .   f - +1 helmet
rElec    .         Reflect  .   g - +0 cloak
rCorr    .         Harm     .   (no gloves)
MR       .....                  j - +0 pair of boots
Stlth    ..........             (no amulet)
HPRegen  0.61/turn              i - ring of magical power
MPRegen  0.22/turn              m - +4 ring of evasion

@: mighty, very slightly contaminated
A: distributed training, fangs 1, yellow scales 1, clumsy 1, deformed body,
dopey 1, strong nose
a: no special abilities


You were on level 7 of the Dungeon.
You were hungry.

You visited 1 branch of the dungeon, and saw 8 of its levels.
You also visited: Ossuary.

You collected 587 gold pieces.
You spent 496 gold pieces at shops.

Inventory:

Hand Weapons
 h - a +1 dagger of speed
 s - a +2 hand axe of freezing (weapon)
 w - a +0 falchion of flaming
Missiles
 C - a throwing net (quivered)
Armour
 a - a +0 ring mail
 f - a +1 helmet (worn)
 g - a +0 cloak (worn)
 j - a +0 pair of boots (worn)
 k - a +0 buckler (worn)
 E - the +8 chain mail "Goledoib" (worn) {Regen+ SInv}
   (You found it on level 6 of the Dungeon)

   It lets you see invisible.
   It increases your rate of regeneration.
Jewellery
 i - a ring of magical power (left hand)
 m - a +4 ring of evasion (right hand)
 r - an uncursed ring of positive energy
Wands
 y - a wand of digging (5)
Scrolls
 b - a scroll of enchant armour
 o - a scroll of amnesia
 p - a scroll of remove curse
 t - a scroll of identify
 A - a scroll of immolation
Potions
 c - 5 potions of curing
 e - 3 potions of brilliance
 n - a potion of cancellation
 q - a potion of haste
 u - 2 potions of lignification
 v - 4 potions of magic
 x - a potion of ambrosia
 z - a potion of resistance
 B - a potion of invisibility
Comestibles
 d - 3 rations


   Skills:
 + Level 4.3 Fighting
 + Level 4.3 Short Blades
 + Level 4.3 Long Blades
 + Level 4.3 Axes
 + Level 4.3 Maces & Flails
 + Level 4.3 Polearms
 + Level 4.3 Staves
 + Level 4.3 Slings
 + Level 4.3 Bows
 + Level 4.3 Crossbows
 + Level 4.3 Throwing
 + Level 4.3 Armour
 + Level 6.4 Dodging
 + Level 6.1 Stealth
 + Level 4.3 Shields
 + Level 4.3 Unarmed Combat
 + Level 8.4 Spellcasting
 + Level 4.2 Conjurations
 + Level 3.6 Hexes
 + Level 3.6 Charms
 + Level 4.2 Summonings
 + Level 3.6 Necromancy
 + Level 4.2 Translocations
 + Level 3.6 Transmutations
 + Level 3.6 Fire Magic
 + Level 3.6 Ice Magic
 + Level 3.6 Air Magic
 + Level 3.6 Earth Magic
 + Level 3.6 Poison Magic
 + Level 4.8 Invocations
 + Level 4.3 Evocations


You had 18 spell levels left.
You knew the following spells:

 Your Spells              Type           Power        Failure   Level  Hunger
a - Magic Dart            Conj           ####         28%         1    None
b - Blink                 Tloc           N/A          41%         2    None
c - Mephitic Cloud        Conj/Pois/Air  ###.....     71%         3    None

Your spell library contained the following spells:

 Spells                   Type           Power        Failure   Level  Hunger
 Sandblast                Erth           ###...       36%         1    None
 Call Imp                 Summ           ####....     41%         2    None
 Passwall                 Tmut/Erth      ###.....     50%         2    None
 Slow                     Hex            ###.....     50%         2    None
 Conjure Flame            Conj/Fire      ####....     69%         3    None
 Stone Arrow              Conj/Erth      ####..       69%         3    None
 Petrify                  Tmut/Erth      ###.....     98%         4    ###....
 Lee's Rapid Deconstruct  Erth           ###.......   100%        5    #####..


Dungeon Overview and Level Annotations

Branches:
Dungeon (8/15)             Temple (0/1) D:4
   Lair: D:8-11

Altars:
Ashenzari
Dithmenos
Makhleb
Ru
Uskayaw
Xom

Shops:
D:7 =??


Innate Abilities, Weirdness & Mutations

Your experience applies equally to all skills.
You have very sharp teeth.
Your uncanny sense of smell can sniff out nearby items.
You are partially covered in yellow scales. (AC +2)
You are clumsy. (Dex -2)
Armour fits poorly on your strangely shaped body.
You are dopey. (Int -2)


Message History

You closely miss the orc warrior.
The orc warrior is almost dead.
The orc warrior hits you with a +0 dire flail.
* * * LOW HITPOINT WARNING * * *
Your chain mail "Goledoib" prevents you from hitting the orc warrior.
The orc warrior is almost dead.
The orc warrior hits you with a +0 dire flail!
* * * LOW HITPOINT WARNING * * *
Blink to where?
Press: ? - help, Dir - move target cursor You are very lightly contaminated with residual magic.
As you read the scroll of blinking, it crumbles to dust.
There is a stone staircase leading up here.
There is a stone staircase leading up here.
Casting: Magic Dart (safe; 71% risk of failure)
Confirm with . or Enter, or press ? or * to list all spells.
You don't know that spell.
You feel very mighty all of a sudden.
The orc warrior hits you with a +0 dire flail!
You die...

#.#.# #[#.####..........
#.#.# #.#.......########
#.#.#####[................
#.#.......######..######(#
#.#######[## #..######.#
#.# #....# #.........# #.#
#....######.######## #.#
#).o........# #...# #.#
#..@.##########...## #.#
#.#<................ #.#
#.#.##.############# #.#
###.#.##.)............
#.###...#.################
#.......................)(
#####...................)=
###..........#........
#.#.######.#........


You could see an orc warrior.

Vanquished Creatures
  Sigmund (D:6)
  A hungry ghost (D:7)
  Menkaure (D:6)
  An ice beast (D:5)
  2 orc warriors (D:7)
  2 sky beasts
  2 ogres
  3 centaurs
  A big kobold (D:7)
  2 bullfrogs (D:7)
  A scorpion (D:8)
  4 wights (D:7)
  A bullfrog zombie (D:7)
  A centaur skeleton (D:7)
  2 hounds
  2 jellies
  3 orc priests
  A bullfrog skeleton (D:6)
  A gnoll shaman (D:6)
  3 worker ants
  Natasha (D:2)
  An iguana (D:7)
  4 orc wizards
  A big kobold zombie (Ossuary)
  8 mummies (Ossuary)
  A howler monkey zombie (D:7)
  8 gnolls
  6 adders
  3 shadow imps (D:7)
  3 oozes
  An adder skeleton (D:7)
  An adder zombie (D:7)
  A worm (D:2)
  3 dart slugs (D:1)
  4 leopard geckos
  19 orcs
  8 bats
  8 giant cockroaches
  7 goblins
  9 hobgoblins
  23 jackals
  2 quokkas
  2 ball pythons
  7 frilled lizards
  3 gnoll zombies (Ossuary)
  A hobgoblin zombie (Ossuary)
  16 kobolds
  A kobold zombie (Ossuary)
  A leopard gecko skeleton (D:4)
  A leopard gecko zombie (D:7)
  2 orc zombies (Ossuary)
  6 rats
197 creatures vanquished.

Notes
Turn   | Place    | Note
-------+----------+-------------------------------------------
     0 | D:1      | Ijustatesigmund the Gnoll Wizard began the quest for the
                  | Orb.
     0 | D:1      | Reached XP level 1. HP: 13/13 MP: 8/8
    52 | D:1      | Reached XP level 2. HP: 14/19 MP: 0/10
   361 | D:1      | Learned a level 2 spell: Blink
   751 | D:1      | Reached XP level 3. HP: 25/25 MP: 9/11
  1191 | D:1      | Reached skill level 1 in Invocations
  1867 | D:2      | Reached skill level 1 in Fighting
  1867 | D:2      | Reached skill level 1 in Short Blades
  1867 | D:2      | Reached skill level 1 in Long Blades
  1867 | D:2      | Reached skill level 1 in Axes
  1867 | D:2      | Reached skill level 1 in Maces & Flails
  1867 | D:2      | Reached skill level 1 in Polearms
  1867 | D:2      | Reached skill level 1 in Staves
  1867 | D:2      | Reached skill level 1 in Slings
  1867 | D:2      | Reached skill level 1 in Bows
  1867 | D:2      | Reached skill level 1 in Crossbows
  1867 | D:2      | Reached skill level 1 in Throwing
  1867 | D:2      | Reached skill level 1 in Armour
  1867 | D:2      | Reached skill level 1 in Shields
  1867 | D:2      | Reached skill level 1 in Unarmed Combat
  1867 | D:2      | Reached skill level 1 in Evocations
  1969 | D:2      | Reached XP level 4. HP: 32/32 MP: 13/13
  2158 | D:2      | Found a sacrificial altar of Ru.
  2222 | D:2      | Noticed Natasha
  2228 | D:2      | Killed Natasha
  2228 | D:2      | Reached skill level 1 in Hexes
  2228 | D:2      | Reached skill level 1 in Charms
  2228 | D:2      | Reached skill level 1 in Necromancy
  2228 | D:2      | Reached skill level 1 in Transmutations
  2228 | D:2      | Reached skill level 1 in Fire Magic
  2228 | D:2      | Reached skill level 1 in Ice Magic
  2228 | D:2      | Reached skill level 1 in Air Magic
  2228 | D:2      | Reached skill level 1 in Earth Magic
  2228 | D:2      | Reached skill level 1 in Poison Magic
  2521 | D:3      | Reached XP level 5. HP: 37/37 MP: 14/14
  2836 | D:3      | Found a shadowy altar of Dithmenos.
  3373 | D:3      | Found a shattered altar of Ashenzari.
  3716 | D:4      | Reached XP level 6. HP: 44/44 MP: 15/16
  3723 | D:4      | Learned a level 3 spell: Mephitic Cloud
  3885 | D:4      | Found a staircase to the Ecumenical Temple.
  3986 | D:5      | Entered Level 5 of the Dungeon
  4072 | D:5      | Reached skill level 5 in Dodging
  4118 | D:5      | Noticed an ice beast
  4129 | D:5      | Killed an ice beast
  4335 | D:5      | Reached XP level 7. HP: 44/50 MP: 17/18
  4494 | D:5      | Found a hide-covered altar of Uskayaw.
  4533 | D:5      | Noticed a two-headed ogre
  4812 | D:5      | Found a shimmering altar of Xom.
  4821 | D:5      | You fall through a shaft!
  4846 | D:6      | Noticed Menkaure
  4851 | D:6      | Found a sand-covered staircase.
  4856 | Ossuary  | Entered an ossuary
  6532 | D:6      | Killed Menkaure
  6532 | D:6      | Reached skill level 5 in Stealth
  6607 | D:6      | Reached XP level 8. HP: 55/57 MP: 16/19
  6779 | D:6      | Got an ichor-stained chain mail
  7072 | D:5      | Identified the +8 chain mail "Goledoib" {Regen+ SInv} (You
                  | found it on level 6 of the Dungeon)
  7412 | D:6      | Noticed Sigmund
  7429 | D:6      | Killed Sigmund
  7429 | D:6      | Reached skill level 8 in Spellcasting
  7678 | D:7      | Reached XP level 9. HP: 63/65 MP: 21/21
  7700 | D:7      | Found Zeled's Magic Scroll Shop.
  7708 | D:7      | Bought a scroll of identify for 26 gold pieces
  7708 | D:7      | Bought a scroll of identify for 26 gold pieces
  7904 | D:7      | Gained mutation: You are clumsy. (Dex -2) [mutagenic glow]
  8004 | D:7      | Found Qegrad's Jewellery Boutique.
  8008 | D:7      | Gained mutation: You are partially covered in yellow
                  | scales. (AC +2) [mutagenic glow]
  8014 | D:7      | Bought a +4 ring of evasion for 360 gold pieces
  8087 | D:7      | Gained mutation: You are dopey. (Int -2) [mutagenic glow]
  8214 | D:7      | Gained mutation: Armour fits poorly on your strangely
                  | shaped body. [mutagenic glow]
  8635 | D:7      | Found Kopt's Magic Scroll Shop.
  8643 | D:7      | Bought a scroll of identify for 28 gold pieces
  8643 | D:7      | Bought a scroll of identify for 28 gold pieces
  8643 | D:7      | Bought a scroll of identify for 28 gold pieces
  8935 | D:8      | Found a burning altar of Makhleb.
  9519 | D:7      | Slain by an orc warrior

Vault maps used:
D:1:      tarquinn_simple_flora_water_e, minmay_hexomino_u4
D:2:      nicolae_overflow_crystal_walls, first_ration, uniq_natasha
D:3:      old_standard_altar, lemuel_coloured_pillars_altar, corner_web_ring,
          minmay_goblin_outpost
D:4:      minmay_temple_entry_hall
D:5:      kennysheep_mini_moat, eat_drink_and_be_merry_uskayaw
D:6:      overflow_temple_1_default, enter_ossuary_5, uniq_sigmund,
          uniq_menkaure
D:7:      serial_shops, nicolae_shop_competitors_out_of_business, shop,
          shop_fountains
D:8:      cheibrodos_ideogram_h, marbit_many_paths, serial_curves,
          eino_curves_02, eino_curves_03, bloody_makhleb, uniq_maurice
Ossuary:  ossuary_tomb_3

Skill      XL: |  1  2  3  4  5  6  7  8  9 |
---------------+----------------------------+-----
Conjurations   | 2 3 4 |  4.2
Summonings     | 2 3 4 |  4.2
Translocations | 2 3 4 |  4.2
Invocations    | 1 2 3 4 |  4.8
Fighting       | 1 2 3 4 |  4.3
Short Blades   | 1 2 3 4 |  4.3
Long Blades    | 1 2 3 4 |  4.3
Axes           | 1 2 3 4 |  4.3
Maces & Flails | 1 2 3 4 |  4.3
Polearms       | 1 2 3 4 |  4.3
Staves         | 1 2 3 4 |  4.3
Slings         | 1 2 3 4 |  4.3
Bows           | 1 2 3 4 |  4.3
Crossbows      | 1 2 3 4 |  4.3
Throwing       | 1 2 3 4 |  4.3
Armour         | 1 2 3 4 |  4.3
Shields        | 1 2 3 4 |  4.3
Unarmed Combat | 1 2 3 4 |  4.3
Evocations     | 1 2 3 4 |  4.3
Hexes          | 1 2 3 |  3.6
Charms         | 1 2 3 |  3.6
Necromancy     | 1 2 3 |  3.6
Transmutations | 1 2 3 |  3.6
Fire Magic     | 1 2 3 |  3.6
Ice Magic      | 1 2 3 |  3.6
Air Magic      | 1 2 3 |  3.6
Earth Magic    | 1 2 3 |  3.6
Poison Magic   | 1 2 3 |  3.6
Dodging        | 5 6 |  6.4
Stealth        | 5 6 |  6.1
Spellcasting   | 8 |  8.4

Action                   |  1- 3 |  4- 6 |  7- 9 || total
-------------------------+-------+-------+-------++-------
Melee: Unarmed           |    11 |       |       ||    11
       Club              |    10 |       |       ||    10
       Hand axe          |     2 |    23 |   420 ||   445
       Dagger            |       |     5 |       ||     5
       Bite              |       |       |    30 ||    30
Throw: Throwing net      |       |       |     1 ||     1
 Cast: Magic Dart        |    88 |   198 |   177 ||   463
       Mephitic Cloud    |       |       |     4 ||     4
       Blink             |       |       |     3 ||     3
  Use: Scroll            |     2 |     6 |    14 ||    22
       Potion            |       |     2 |    14 ||    16
 Stab: Sleeping          |       |     2 |     1 ||     3
       Confused          |       |       |     2 ||     2
  Eat: Chunk             |     3 |     7 |     6 ||    16
       Ration            |       |       |     8 ||     8
Armor: Robe              |     3 |       |       ||     3
       Ring mail         |     2 |    37 |    26 ||    65
       Chain mail        |       |       |   277 ||   277
Dodge: Dodged            |    37 |    41 |   238 ||   316
Block: Buckler           |       |     8 |   131 ||   139

Table legend:
 A = Non-vault XP
 B = Vault XP
 C = Vault XP percentage of total XP
 D = Non-vault monster count
 E = Vault monster count
 F = Vault count percentage of total count
                 A         B        C        D         E       F
            +---------+---------+-------+---------+---------+-------
      Total |    3096 |     731 |  19.1 |     163 |      34 |  17.3
            +---------+---------+-------+---------+---------+-------
        D:1 |      58 |      14 |  19.4 |      31 |       6 |  16.2
        D:2 |      46 |      35 |  43.2 |      22 |       1 |   4.3
        D:3 |     113 |      12 |   9.6 |      23 |       6 |  20.7
        D:4 |     109 |       0 |   0.0 |      16 |       0 |   0.0
        D:5 |     264 |       0 |   0.0 |       7 |       0 |   0.0
        D:6 |     669 |     403 |  37.6 |      22 |       2 |   8.3
        D:7 |    1770 |      90 |   4.8 |      41 |       3 |   6.8
        D:8 |      67 |       0 |   0.0 |       1 |       0 |   0.0
    Ossuary |       0 |     177 | 100.0 |       0 |      16 | 100.0
            +---------+---------+-------+---------+---------+-------
